[Event "Polish University-ch Open 2024"]
[Site "Lublin"]
[Date "2024.02.24"]
[Round "7.14"]
[White "Brzezinski, Mateusz"]
[Black "Kukula, Karol"]
[Result "1-0"]
[ECO "A47"]
[WhiteElo "2176"]
[BlackElo "2011"]
[Annotator "RC"]
[PlyCount "72"]
[EventDate "2024.02.22"]
[EventType "swiss"]
[EventCountry "POL"]
[SourceTitle "playchess.com"]
[Source "ChessBase"]
[SourceQuality "1"]
[TimeControl "600+3"]

1. d4 Nf6 2. Nf3 e6 3. Bf4 b6 4. e3 Bb7 5. h3 g6 6. Nbd2 Bg7 7. Bd3 d6 8. O-O Nbd7 9. Bh2 O-O 10. c4 Qe7 11. Rc1 e5 12. Bb1 Rfe8 13. b4 a5 14. a3 axb4 15. axb4 exd4 16. exd4 Qd8 17. Qb3 Ne4 18. d5 Nxd2 19. Nxd2 Nf6 20. Bf4 b5 21. Bd3 bxc4 22. Bxc4 Ne4 23. Nf3 Nf6 24. Be3 Ne4 25. Bb5 Re7 26. Rfd1 Nf6 27. Bc4 Nd7 28. Nd4 Ne5 29. Bf1 Re8 30. Nc6 Bxc6 31. dxc6 Qb8 32. f4 Nxc6 33. Rxc6 Re4 34. Rc4 Qe8 35. Bf2 Rb8 36. b5 Rxc4 1-0

[Event "Polish University-ch Open 2024"]
[Site "Lublin"]
[Date "2024.02.24"]
[Round "7.15"]
[White "Hrymowicz, Artur"]
[Black "Hasterok, Mateusz"]
[Result "1/2-1/2"]
[ECO "B44"]
[WhiteElo "2131"]
[BlackElo "2150"]
[Annotator "RC"]
[PlyCount "154"]
[EventDate "2024.02.22"]
[EventType "swiss"]
[EventCountry "POL"]
[SourceTitle "playchess.com"]
[Source "ChessBase"]
[SourceQuality "1"]
[TimeControl "600+3"]

1. e4 c5 2. Nf3 e6 3. d4 cxd4 4. Nxd4 Nc6 5. c4 Nf6 6. Nc3 Bb4 7. Nxc6 bxc6 8. Bd3 e5 9. O-O O-O 10. Bg5 h6 11. Bh4 Be7 12. Qc2 Rb8 13. b3 Nh5 14. Bxe7 Qxe7 15. Ne2 d6 16. Rac1 Qg5 17. Kh1 Be6 18. Rcd1 Rbd8 19. Qd2 Qe7 20. Qe3 Nf6 21. h3 Nd7 22. Ng3 Qh4 23. Be2 a5 24. Rd2 Nc5 25. Rfd1 Qe7 26. Kg1 f5 27. exf5 Bxf5 28. Nxf5 Rxf5 29. Bf3 e4 30. Bg4 Re5 31. Rd4 Nd3 32. Be2 c5 33. Rd5 Nb4 34. Rxe5 Qxe5 35. Qd2 Kh7 36. Bf1 Nc6 37. Re1 Nd4 38. Rxe4 Qf6 39. Qe3 Rf8 40. Bd3 Kh8 41. Re8 Kg8 42. Rxf8+ Kxf8 43. Qe4 Ne6 44. Qa8+ Kf7 45. Qxa5 Qa1+ 46. Bf1 Nd4 47. Qd2 Ke7 48. a4 Qb1 49. Qe3+ Kd7 50. g3 Qxb3 51. Qxb3 Nxb3 52. Bd3 Kc7 53. Kg2 Kb6 54. Bc2 Nd2 55. f4 Nxc4 56. Kf3 d5 57. g4 d4 58. Ke4 Nd6+ 59. Kd5 Nb7 60. f5 Nd8 61. h4 Nf7 62. Bd3 Nd8 63. g5 hxg5 64. hxg5 Nf7 65. f6 gxf6 66. gxf6 Nh6 67. Kc4 Nf7 68. Bc2 Ne5+ 69. Kd5 Nf7 70. Ke6 Nh6 71. Bd1 Ka5 72. Kd5 Kb4 73. a5 Kxa5 74. Kxc5 d3 75. Kd4 Kb6 76. Kxd3 Kc6 77. Ke4 Kd6 1/2-1/2

[Event "Polish University-ch Open 2024"]
[Site "Lublin"]
[Date "2024.02.24"]
[Round "7.16"]
[White "Fiedorek, Michal"]
[Black "Zaleski, Lukasz"]
[Result "1-0"]
[ECO "C02"]
[WhiteElo "2286"]
[BlackElo "2182"]
[Annotator "TA"]
[PlyCount "39"]
[EventDate "2024.02.22"]
[EventType "swiss"]
[EventCountry "POL"]
[SourceTitle "playchess.com"]
[Source "ChessBase"]
[SourceQuality "1"]
[TimeControl "600+3"]

1. e4 e6 2. d4 d5 3. e5 c5 4. c3 Qb6 5. Nf3 Bd7 6. Bd3 Bb5 7. dxc5 Bxc5 8. b4 Bxd3 $1 (8... Bxf2+ $6 9. Kf1 $16) 9. Qxd3 Be7 10. O-O Nd7 {[%emt 0:00:37] Weiß hat minimalen Vorteil.} 11. Be3 Qc7 12. Na3 a6 {[%emt 0:01:18] Es drohte Nb5} 13. c4 $36 {[%emt 0:00:01][%mdl 2048] Weiss drückt.} Bxb4 (13... d4 $11 {bleibt in der Remisbreite.} 14. Qxd4 (14. Bxd4 Bxb4 15. c5 Bxa3 $11) 14... Bxb4) 14. cxd5 $16 {[%emt 0:03:01] Droht Rac1 und aus.} exd5 (14... Qc3 $16 15. Qxc3 Bxc3) 15. Rac1 (15. Rfc1 $142 Nxe5 16. Nxe5 (16. Qxd5 Nc6 $11) 16... Qxe5 17. Bd4 (17. Nb5 Kf8 $16)) 15... Qa5 $18 16. Nc2 {[%emt 0:00:01] Zielt auf Rb1 ab.} Ne7 {[%emt 0:01:16] [#]} 17. e6 fxe6 $16 18. Ng5 {[%emt 0:00:00] Weiß hat aktiveres Spiel.} (18. Ncd4 $16 e5 (18... Qxa2 $2 {ist das falsche Schlagen.} 19. Nxe6 h6 20. Qd4 $18) (18... Nc5 19. Rxc5 Qxc5 20. Nxe6 $16) 19. Ne6) 18... Ne5 $2 (18... e5 $1 $14) 19. Qb3 Qb6 (19... Bd6) 20. Bxb6 {[%emt 0:00:08] Gewichteter Fehlerwert: Weiß=0.33/Schwarz=0.50.  Verlustzug:     	---       	Schwarz=1     Fehler:       	Weiß=3     	Schwarz=3     Ungenau:       	Weiß=1     	---        OK:         	Weiß=3     	Schwarz=2     Bester:       	Weiß=2     	Schwarz=2} 1-0

[Event "Polish University-ch Open 2024"]
[Site "Lublin"]
[Date "2024.02.24"]
[Round "7.17"]
[White "Bilczewski, Kacper"]
[Black "Karpus, Michal"]
[Result "1-0"]
[ECO "C12"]
[WhiteElo "2139"]
[BlackElo "2243"]
[Annotator "TA"]
[PlyCount "67"]
[EventDate "2024.02.22"]
[EventType "swiss"]
[EventCountry "POL"]
[SourceTitle "playchess.com"]
[Source "ChessBase"]
[SourceQuality "1"]
[TimeControl "600+3"]

1. e4 e6 2. d4 d5 3. Nc3 Nf6 4. Bg5 Bb4 5. e5 h6 6. Bd2 Bxc3 7. bxc3 Ne4 8. Qg4 g6 9. Bd3 Nxd2 10. Kxd2 c5 11. Nf3 Nc6 12. Rhb1 Qa5 (12... c4 {vereinfacht} 13. Be2 O-O 14. Qh4 Qxh4 15. Nxh4 b6) 13. Rb5 Qa3 14. Rxc5 Qb2 (14... Bd7 $1 $11) 15. Rc1 Qxa2 (15... Qb6 $16 {war angesagt.}) 16. Rb5 (16. Qh4 $1 $18) 16... b6 $14 17. Rb3 (17. Qh4 $14) 17... Bd7 ({Besser ist} 17... Ba6 $15) 18. Rcb1 Na5 $36 {[%emt 0:00:21][%mdl 2048] Schwarz hat gut koordiniertes Spiel.} 19. Rb4 Rc8 20. Ng1 {[%emt 0:00:59] Droht Qd1 und aus.} Qa3 (20... Nc4+ $1 $15 21. Bxc4 Rxc4) 21. Ne2 $11 Nc6 (21... h5 {wäre vielleicht verwirrender.} 22. Qf4 h4 23. h3 Rc7) 22. R1b3 Qa5 23. Rb5 Qa4 {[%emt 0:00:01] ...Nxe5 wäre nun fies.} 24. Qf4 Ne7 (24... Na5 $11) 25. R5b4 Qc6 26. Qf6 Rg8 27. g4 {[%emt 0:00:24] Weiß hat aktiveres Spiel.} Qc7 28. Rb1 (28. Ra3 $14) 28... Rb8 (28... Nc6 $11) 29. h4 a5 {[%emt 0:00:11] [#]} (29... Nc6 $14) 30. R4b2 $1 $16 a4 {[%emt 0:00:32] [#]} (30... Qd8 $16 {war nötig.} 31. h5 Nc8) 31. h5 $1 $18 a3 32. Ra2 {[%emt 0:00:15] g5 ist eine echte Drohung.} Ra8 $2 (32... Qd8 33. Rxa3 (33. hxg6 Nxg6 34. f3 Qxf6 $14) 33... Nc6 34. Qxd8+ (34. hxg6 Qxf6 35. exf6 fxg6 $18) 34... Kxd8 35. hxg6 fxg6) 33. hxg6 Nxg6 34. Bxg6 {[%emt 0:00:00] Gewichteter Fehlerwert: Weiß=0.31/Schwarz=0.42.  Fehler:       	Weiß=3     	Schwarz=9     Ungenau:       	Weiß=4     	Schwarz=1     OK:         	Weiß=5     	Schwarz=8     Bester:       	Weiß=1     	---        Stark:        	Weiß=2     	---} 1-0

[Event "Polish University-ch Open 2024"]
[Site "Lublin"]
[Date "2024.02.24"]
[Round "7.18"]
[White "Lis, Mateusz"]
[Black "Koziorowicz, Michal"]
[Result "1-0"]
[ECO "C41"]
[WhiteElo "2019"]
[BlackElo "2324"]
[Annotator "ChessBase"]
[PlyCount "263"]
[EventDate "2024.02.22"]
[EventType "swiss"]
[EventCountry "POL"]
[SourceTitle "playchess.com"]
[Source "ChessBase"]
[SourceQuality "1"]
[TimeControl "600+3"]

1. e4 e5 2. Nf3 d6 3. d4 Nd7 4. Nc3 Ngf6 5. Bg5 Be7 6. Bc4 h6 7. Bxf6 Bxf6 8. O-O exd4 9. Nxd4 Nb6 10. Be2 O-O 11. f4 Re8 12. Kh1 a6 13. Qd3 Nd7 14. Bf3 Nc5 15. Qd2 c6 16. Rae1 Qb6 17. Nb3 Nxb3 18. axb3 Qc7 19. Rd1 Rd8 20. Qe3 Be6 21. Rfe1 a5 22. g4 Re8 23. Qf2 Qe7 24. Qg2 Rad8 25. Rg1 Bc8 26. Rde1 Bd4 27. Rgf1 Qh4 28. Qg3 Qxg3 29. hxg3 b5 30. Rd1 Bc5 31. Ra1 Bb6 32. Kg2 Bb7 33. Rfe1 Ra8 34. Red1 Red8 35. Rd2 Kf8 36. Rad1 Ke7 37. Re2 Bc5 38. e5 d5 39. f5 Kf8 40. e6 f6 41. Red2 Ke7 42. Ne2 a4 43. bxa4 Rxa4 44. Nf4 Rda8 45. b3 Ra1 46. Nh5 Be3 47. Rxa1 Rxa1 48. Re2 d4 49. Nxg7 Rg1+ 50. Kh2 Rf1 51. Bg2 Rc1 52. Nh5 Kd6 53. Nxf6 Bc8 54. Ne4+ Ke7 55. Nc5 Kd6 56. Nd3 Rd1 57. Nf4 c5 58. Ng6 c4 59. e7 Bd7 60. f6 Be8 61. Nf4 Ke5 62. bxc4 bxc4 63. Nd5 Rd2 64. Rxd2 Bxd2 65. Nc7 Kxf6 66. Nxe8+ Kxe7 67. Ng7 Kf6 68. Nf5 Ke5 69. Kg1 d3 70. cxd3 c3 71. d4+ Kf6 72. Be4 Kg5 73. Kg2 Kxg4 74. Nh4 Be1 75. Nf5 h5 76. Ne3+ Kg5 77. d5 Kf6 78. Kf3 h4 79. gxh4 Bxh4 80. Ke2 Ke5 81. Kd3 Be1 82. Nc4+ Kf6 83. d6 Ke6 84. Bc6 Kf6 85. d7 Ke7 86. Nd6 Bh4 87. Nb7 Ke6 88. Kxc3 Ke5 89. d8=Q Bxd8 90. Nxd8 Kd6 91. Be4 Ke5 92. Kd3 Kf4 93. Ne6+ Ke5 94. Nc5 Kf4 95. Kd4 Kg5 96. Ke5 Kh6 97. Kf6 Kh5 98. Ne6 Kg4 99. Ke5 Kh5 100. Bf5 Kh6 101. Bg4 Kg6 102. Bf3 Kf7 103. Ng5+ Kg6 104. Ne4 Kf7 105. Nf6 Kg6 106. Bg4 Kf7 107. Bf5 Kg7 108. Ke6 Kh8 109. Nh5 Kg8 110. Kf6 Kh8 111. Ng3 Kg8 112. Ne4 Kh8 113. Nd6 Kg8 114. Nf7 Kf8 115. Bh7 Ke8 116. Ke6 Kf8 117. Kf6 Ke8 118. Ne5 Kd8 119. Ke6 Kc7 120. Nd7 Kc6 121. Bd3 Kc7 122. Be4 Kd8 123. Kd6 Ke8 124. Bg6+ Kd8 125. Bf7 Kc8 126. Nc5 Kb8 127. Kc6 Ka7 128. Be6 Kb8 129. Kb6 Ka8 130. Bd7 Kb8 131. Na6+ Ka8 132. Bc6# 1-0

[Event "Polish University-ch Open 2024"]
[Site "Lublin"]
[Date "2024.02.24"]
[Round "8.1"]
[White "Janik, Igor"]
[Black "Kosakowski, Jakub"]
[Result "0-1"]
[ECO "A04"]
[WhiteElo "2499"]
[BlackElo "2482"]
[Annotator "RC"]
[PlyCount "170"]
[EventDate "2024.02.22"]
[EventType "swiss"]
[EventCountry "POL"]
[SourceTitle "playchess.com"]
[Source "ChessBase"]
[SourceQuality "1"]
[TimeControl "600+3"]

1. e4 c5 2. Nf3 e6 3. g3 Nc6 4. Bg2 g6 5. O-O Bg7 6. c3 e5 7. Na3 Nge7 8. d3 O-O 9. Nc4 b5 10. Ne3 d6 11. a4 b4 12. Nd2 Be6 13. Nd5 Rb8 14. Nc4 bxc3 15. bxc3 Bxd5 16. exd5 Na5 17. Na3 Qd7 18. Qc2 a6 19. Bg5 h6 20. Bd2 Nb3 21. Ra2 Nxd2 22. Qxd2 Rb3 23. Nc4 Rfb8 24. Rc1 Qc7 25. a5 Kh7 26. Bf3 h5 27. Qc2 e4 28. Bxe4 Rxc3 29. Qd1 Rxc1 30. Qxc1 Bh6 31. Qd1 h4 32. gxh4 Qd7 33. Qf3 f5 34. Qh3 Qc7 35. Bf3 Rf8 36. Re2 Ng8 37. Re6 Bf4 38. Qf1 Nf6 39. Qe2 Rf7 40. Bg2 Ng4 41. h3 Nf6 42. Bf3 Kg7 43. Kg2 Qd8 44. Qb2 Qh8 45. h5 gxh5 46. Nxd6 Bxd6 47. Rxd6 Qh6 48. Re6 Qg5+ 49. Kf1 Qf4 50. Bg2 Qa4 51. Kg1 Qxa5 52. Qe5 Qd2 53. Qg3+ Kf8 54. Qd6+ Kg7 55. Qg3+ Kf8 56. d6 f4 57. Qg5 Qc3 58. Qh6+ Kg8 59. Qg5+ Kh7 60. Re7 Rxe7 61. dxe7 Qe1+ 62. Kh2 Qxe7 63. Be4+ Kh8 64. Kh1 a5 65. Qh6+ Kg8 66. Qg5+ Kf8 67. Qxf4 a4 68. Qb8+ Kg7 69. Qg3+ Kf8 70. Qb8+ Kf7 71. Qa8 Qd7 72. Kg2 Nxe4 73. dxe4 c4 74. Qa5 Qc6 75. Qf5+ Ke7 76. Qe5+ Kd7 77. Qf5+ Kc7 78. Qe5+ Kb7 79. Qe7+ Ka6 80. Kf3 c3 81. Qa3 c2 82. Qc1 Qc3+ 83. Ke2 a3 84. Qh6+ Kb5 85. Qg5+ Ka4 0-1

[Event "Polish University-ch Open 2024"]
[Site "Lublin"]
[Date "2024.02.24"]
[Round "8.2"]
[White "Baum, Jonasz"]
[Black "Szpar, Milosz"]
[Result "0-1"]
[ECO "B22"]
[WhiteElo "2400"]
[BlackElo "2495"]
[Annotator "TA"]
[PlyCount "82"]
[EventDate "2024.02.22"]
[EventType "swiss"]
[EventCountry "POL"]
[SourceTitle "playchess.com"]
[Source "ChessBase"]
[SourceQuality "1"]
[TimeControl "600+3"]

1. e4 e6 2. d4 d5 3. exd5 exd5 4. Nf3 Nf6 5. Bd3 c5 6. c3 Nc6 7. Qe2+ (7. O-O $14) 7... Qe7 (7... Be7 $15) 8. Be3 $11 c4 {[%emt 0:00:17] The position is equal.} 9. Bc2 g6 10. Nbd2 Bg7 11. h3 O-O 12. O-O b5 13. Rfe1 Re8 14. Qf1 Qc7 15. g3 Be6 16. Bf4 Qd7 17. g4 h5 18. Ne5 Nxe5 19. dxe5 Nh7 20. f3 hxg4 21. hxg4 d4 {[%emt 0:00:16] aiming for ...d3.} 22. Ne4 (22. Be4 $1 $15) 22... d3 $19 23. Bd1 Bd5 24. Nd6 (24. Qf2 $17) 24... Re6 {[%emt 0:00:33] [#] Threatens to win with ...Qe7.} 25. a4 $2 {[%emt 0:00:01][%mdl 8192] Now White is beyond hope.} (25. Qf2 $17) 25... f6 (25... Qe7 $142 26. Bd2 Bxe5 (26... Rxe5 $2 27. Nxb5 Ng5 28. b3 $19)) 26. Nxb5 $2 (26. Ne4 {was the crucial defense.} Bxe4 (26... fxe5 27. Nc5 $17) 27. Rxe4 fxe5 28. Bd2) 26... fxe5 27. Be3 a6 28. Na3 Rf8 29. b3 cxb3 30. Qxd3 Qb7 (30... e4 $142 31. Qxd5 Qxd5) 31. Bc5 (31. c4 $142 b2 (31... Bxf3 $2 32. c5 $19) 32. Rb1 Bxf3 33. g5) 31... Rc8 32. Bb4 {[%emt 0:00:02] [#]} (32. c4 $142 Rxc5 33. cxd5) 32... a5 $1 33. Bxa5 (33. Qb5 Qxb5) 33... Qa7+ 34. Kg2 Qxa5 35. c4 Qxe1 36. cxd5 e4 37. Qxb3 exf3+ {[%emt 0:00:11] Black mates.} 38. Bxf3 Re2+ 39. Bxe2 Qxe2+ 40. Kh3 Rc3+ 41. Qxc3 Bxc3 {[%emt 0:00:01] Weighted Error Value: White=1.40/Black=0.38.  Loses game:     	White=1     	---        Mistake:       	White=5     	Black=2      Inaccurate:     	White=4     	---        OK:         	White=9     	Black=13     Best:        	---       	Black=2} 0-1

[Event "Polish University-ch Open 2024"]
[Site "Lublin"]
[Date "2024.02.24"]
[Round "8.3"]
[White "Chylewski, Patryk"]
[Black "Mis, Mieszko"]
[Result "0-1"]
[ECO "D02"]
[WhiteElo "2285"]
[BlackElo "2325"]
[Annotator "TA"]
[PlyCount "71"]
[EventDate "2024.02.22"]
[EventType "swiss"]
[EventCountry "POL"]
[SourceTitle "playchess.com"]
[Source "ChessBase"]
[SourceQuality "1"]
[TimeControl "600+3"]

1. d4 Nf6 2. c4 e6 3. Nf3 b6 4. g3 Bb7 5. Bg2 Bb4+ 6. Nbd2 c5 7. dxc5 Bxc5 8. O-O O-O 9. b3 d5 10. cxd5 Nxd5 11. Bb2 Nc6 12. Rc1 Qe7 13. Nc4 Rfd8 {[%emt 0:00:17][%cal Od5e3] With the idea ...Ne3!} 14. Qc2 {[%emt 0:00:00] The position is equal.} Rac8 15. Qb1 Nf6 16. e3 Nb4 (16... b5 {was preferrable.} 17. Nce5 Nxe5 18. Bxe5 h6) 17. Nfe5 (17. Rfd1 $5) 17... Bxg2 18. Kxg2 Qb7+ 19. Kg1 b5 20. Na3 (20. Na5 $11 Qa8 21. a3) 20... Ne4 $19 {[%emt 0:00:23] aiming for ...Nd2.} 21. Rfd1 Ng5 {[%emt 0:00:31] ...Nh3+ is the strong threat.} 22. Rxd8+ Rxd8 23. Rxc5 $2 (23. h4 Nh3+ 24. Kh2 Nxf2 25. Rxc5) 23... Nh3+ 24. Kf1 Rd2 $4 (24... Qh1+ $19 {avoids the disaster.} 25. Ke2 Ng1+ (25... Qxh2 26. Ng4 $15) 26. Qxg1 Qxg1) 25. Qe4 $1 $18 (25. Nxb5 $2 Qh1#) 25... Rxf2+ (25... Qxe4 26. Rc8+) (25... Nc2 $2 26. Nd3 $18 (26. Qxb7 $2 Rxf2#) (26. Rxc2 Rd5 $18) (26. Qxb7 $2 Rxf2#) (26. Rxc2 Rd1+ 27. Ke2 Rd5 $18)) (25... Nd5 $142) 26. Ke1 Nd5 27. Nd3 Rxh2 {[%emt 0:00:25] Threatens to win with ...Ng5.} 28. Rxb5 Qc7 (28... Qc8 29. Qe5 Rh1+ 30. Kd2 f6) 29. Qe5 $2 (29. Be5 $18 {and the rest is easy.} Qc8 30. Rb8 Qxb8 31. Bxb8) 29... Rh1+ $16 30. Kd2 Rh2+ 31. Ke1 Rh1+ 32. Ke2 $1 Rh2+ 33. Kf3 $2 (33. Kd1 $16 Rh1+ 34. Ke2 Rh2+ 35. Kd1 Rh1+ 36. Ne1 Qxe5 37. Bxe5 Nxe3+ 38. Ke2) 33... Qxe5 34. Bxe5 {[%emt 0:00:02] [#]} h5 $2 (34... Ng5+ $1 {mates} 35. Kg4 f5+ (35... Nxe3+ $2 36. Kxg5 f6+ 37. Bxf6 $18) 36. Kxg5 h6+ 37. Kg6 Ne7#) 35. g4 {[%emt 0:00:05] [#]} (35. Ke4 $11) 35... Rf2+ $2 36. Kg3 $2 {[%emt 0:00:02][%mdl 32768] Weighted Error Value: White=1.12/Black=0.50.  Loses game:     	White=2     	---        Missed win:     	White=1     	---        Mistake:       	White=2     	Black=2      Inaccurate:     	White=2     	Black=1      OK:         	White=1     	Black=3      Best:        	White=2     	Black=9      Strong:       	White=1     	---       . Sensor Board Error (Ke4/e5)?} (36. Nxf2 hxg4+ 37. Nxg4) 0-1

[Event "Polish University-ch Open 2024"]
[Site "Lublin"]
[Date "2024.02.24"]
[Round "8.4"]
[White "Kulesza, Andrzej"]
[Black "Suder, Jakub"]
[Result "0-1"]
[ECO "C06"]
[WhiteElo "2076"]
[BlackElo "2333"]
[Annotator "TA"]
[PlyCount "103"]
[EventDate "2024.02.22"]
[EventType "swiss"]
[EventCountry "POL"]
[SourceTitle "playchess.com"]
[Source "ChessBase"]
[SourceQuality "1"]
[TimeControl "600+3"]

1. e4 e6 2. d4 d5 3. Nd2 Nf6 4. e5 Nfd7 5. Bd3 c5 6. c3 Nc6 7. Ne2 Be7 8. O-O cxd4 9. cxd4 f6 10. exf6 Nxf6 11. Nf3 O-O 12. Bf4 Nh5 13. Bg3 Bd7 14. Rc1 {[%emt 0:00:12] The position is equal.} Kh8 15. Re1 Nxg3 16. hxg3 Bd6 {[%emt 0:00:04] Wards off Nf4} 17. Nc3 Qf6 18. Bb1 Qh6 19. Na4 Rae8 (19... Be8 $11) 20. Nc5 $14 Bc8 21. Nd3 {[%emt 0:00:19] Dodges e5} Re7 22. Nde5 Bd7 23. Nxc6 Bxc6 24. Ne5 Be8 25. Rc8 Rc7 26. Rxc7 Bxc7 27. Bd3 Qf6 28. Qd2 Bd6 29. a3 a6 30. Re3 Qh6 31. Re2 (31. Qc2 $14) 31... Qf6 ({Black should try} 31... Qxd2 $11 32. Rxd2 Bc7) 32. Re3 Qh6 33. Re2 ({White should play} 33. Qc2 $14) 33... Qxd2 $11 34. Rxd2 Bxe5 35. dxe5 {[%emt 0:00:02][%mdl 4096] Endgame. KRB-KRB} Ba4 36. f4 g6 (36... Kg8 $11 {is superior.}) 37. Kf2 $14 Rc8 38. Ke3 Kg7 39. Kd4 ({Better is} 39. g4 $14) 39... Rc1 40. g4 h6 (40... Bd1 $11) 41. f5 $16 gxf5 42. gxf5 exf5 43. Bxf5 (43. Kxd5 Rc8 $11) 43... Bb3 (43... Bc6 $16) 44. Be6 $2 {[%emt 0:00:07] [#]} (44. Rd3 $18 Ba4 45. Rg3+ (45. Kxd5 Kf7 $16) 45... Kf7 46. Rg6 (46. Kxd5 Rd1+ 47. Rd3 Rc1 $16)) 44... Rc7 45. Rd3 (45. Bxd5 $2 {too greedy.} Bxd5 46. g3 (46. Kxd5 $2 Rd7+ 47. Ke4 Rxd2 $19) 46... Bc6 $19) 45... Bc4 (45... Rc4+ $11 {and Black stays safe.} 46. Ke3 Re4+ 47. Kd2 Rxe5) 46. Rg3+ $18 Kh8 $2 (46... Kf8 47. b3 (47. Bxd5 Bxd5 48. Kxd5 Ke8 $18) 47... Bb5 48. Bxd5 (48. Kxd5 Rc1 $18) 48... Bd7) 47. Bxd5 {[%emt 0:00:04] White is clearly winning.} Bb5 48. e6 Rc1 49. Re3 Kg7 50. Ke5 Rd1 51. Bxb7 a5 52. Bd5 {[%emt 0:00:03][%mdl 32768] Weighted Error Value: White=0.22 (precise) /Black=0.35.  Loses game:     	---       	Black=1      Missed win:     	White=1     	---        Mistake:       	White=3     	Black=6      Inaccurate:     	White=3     	Black=4      OK:         	White=12    	Black=12     Best:        	White=3     	Black=1     . Loss on time!?} 0-1

[Event "Polish University-ch Open 2024"]
[Site "Lublin"]
[Date "2024.02.24"]
[Round "8.5"]
[White "Psyk, Radoslaw"]
[Black "Golenia, Jan"]
[Result "1-0"]
[ECO "C45"]
[WhiteElo "2461"]
[BlackElo "2221"]
[Annotator "RC"]
[PlyCount "147"]
[EventDate "2024.02.22"]
[EventType "swiss"]
[EventCountry "POL"]
[SourceTitle "playchess.com"]
[Source "ChessBase"]
[SourceQuality "1"]
[TimeControl "600+3"]

1. e4 e5 2. Nf3 Nc6 3. d4 exd4 4. Nxd4 Nf6 5. Nxc6 bxc6 6. e5 Nd5 7. c4 Nb6 8. Be2 Bc5 9. O-O Qh4 10. Nd2 d6 11. Nb3 Be6 12. Nxc5 dxc5 13. b3 Rd8 14. Qc2 Qd4 15. Bg5 Rd7 16. Bf3 Qxe5 17. Bh4 O-O 18. Rfe1 Qd4 19. Bg5 Qd3 20. Qb2 Qf5 21. Re5 Qd3 22. Ree1 Qf5 23. Re5 Qd3 24. Rae1 Bxc4 25. Bxc6 Rd6 26. Be4 Qd4 27. Qxd4 cxd4 28. bxc4 f6 29. Rb5 a6 30. Rbb1 fxg5 31. c5 Rdf6 32. cxb6 cxb6 33. f3 Rd8 34. Red1 Rfd6 35. Bd3 b5 36. Rbc1 R8d7 37. Re1 g6 38. Kf2 Kf7 39. Rc5 h6 40. Rc8 Rd8 41. Rc7+ R8d7 42. Rc8 Rd8 43. Rc5 Rd5 44. Rc2 R8d7 45. Rec1 R5d6 46. Rc8 Rd8 47. Rxd8 Rxd8 48. Rc6 a5 49. Bxb5 d3 50. Ke1 Re8+ 51. Kd2 Re2+ 52. Kxd3 Rxg2 53. Rc2 Rg1 54. Ke3 Kf6 55. Rc6+ Ke5 56. Rxg6 Rg2 57. Rxh6 Rxa2 58. Bd3 a4 59. h3 a3 60. Rg6 Rg2 61. Ra6 a2 62. Bc4 Rg3 63. Rxa2 Rxh3 64. Ra5+ Kf6 65. Ra6+ Ke5 66. Rg6 Rh5 67. Rg8 Kf6 68. Be2 Rh7 69. Rf8+ Kg7 70. Rf5 Kg6 71. Bd3 Rf7 72. Rxf7+ Kxf7 73. Bf5 Kf6 74. Ke4 1-0

[Event "Polish University-ch Open 2024"]
[Site "Lublin"]
[Date "2024.02.24"]
[Round "8.6"]
[White "Golenia, Wojciech"]
[Black "Niedbala, Bartlomiej"]
[Result "0-1"]
[ECO "A22"]
[WhiteElo "2212"]
[BlackElo "2382"]
[Annotator "TA"]
[PlyCount "74"]
[EventDate "2024.02.22"]
[EventType "swiss"]
[EventCountry "POL"]
[SourceTitle "playchess.com"]
[Source "ChessBase"]
[SourceQuality "1"]
[TimeControl "600+3"]

1. c4 Nf6 2. Nc3 e5 3. g3 Bb4 4. Bg2 Bxc3 5. bxc3 O-O 6. e4 c6 7. Ne2 d5 8. cxd5 cxd5 9. exd5 Nxd5 10. O-O {[%emt 0:00:46] The position is equal.} Nc6 11. h3 Re8 12. Re1 (12. Rb1 $11) 12... Bf5 $17 13. Bb2 Qd7 14. Kh2 Nb6 15. d4 Nc4 {[%emt 0:00:40] Prevents Ba3} 16. Bc1 exd4 {[%emt 0:00:56] Black has more active pieces. The white rooks are passive.} (16... Rad8 $15) 17. cxd4 $2 {[%emt 0:00:31] [#] Black converts the advantage convincingly.} (17. Nxd4 $11 {and White stays safe.} Rxe1 18. Qxe1) 17... Nb4 $1 $19 {[%emt 0:01:18] And now ...Bc2 would win.} 18. Rh1 $2 (18. Rf1) 18... Rac8 $2 (18... Bc2 $19 19. Qe1 Nd3) 19. g4 $2 (19. Nf4 $17) 19... Bc2 20. Qe1 Nd3 21. Qf1 Qc7+ 22. Kg1 Re7 23. Bg5 f6 24. Bh4 (24. Be3 $142 Nxe3 25. fxe3 Rxe3 26. g5) 24... Nd2 {[%emt 0:00:01] Excellent horsemanship.} 25. Bd5+ Kh8 26. Qg2 Rxe2 27. Bg3 {[%emt 0:00:01] Wards off Qf4} Qc3 28. Kh2 Qxd4 29. Bxb7 Rce8 {[%emt 0:00:00][%cal Od3f4] [#] Strongly threatening ...Nf4!} 30. Bc6 Nxf2 31. Bxe8 Nxg4+ {[%emt 0:00:02] Black mates.} 32. hxg4 Nf3+ 33. Kh3 Ng5+ 34. Kh2 Rxg2+ 35. Kxg2 Be4+ 36. Kh2 Qd2+ 37. Kg1 Qg2# {[%emt 0:00:01] Weighted Error Value: White=1.20/Black=0.41.  Loses game:     	White=2     	---        Missed win:     	---       	Black=1      Mistake:       	White=3     	Black=1      Inaccurate:     	White=1     	Black=1      OK:         	White=3     	Black=4      Best:        	---       	Black=4      Strong:       	---       	Black=1} 0-1